Avalanche vs Nordiques

Created - 25 octobre 2015 at 19:08

Goals
1 2 3 T
Avalanche 0 4 0 4
Nordiques 1 3 3 7
Shots
1 2 3 T
Avalanche 8 13 14 35
Nordiques 9 10 16 35

1st period

1. Nordiques , Jarret Stoll 1 (Niclas Wallin) at 12:23

Penalties :
Kyle Calder (Que) for Hooking (Minor) at 1:23, Mikkel Boedker (Col) for Roughing (Minor) at 9:40

2nd period

2. Nordiques , Nikolai Kulemin 2 (Jarret Stoll) at 3:42
3. Avalanche , Mikkel Boedker 5 (Tim Ramholt, Mike Comrie) at 4:26
4. Nordiques , Chris Drury 4 (Daniel Briere, Fedor Tyutin) at 7:51
5. Nordiques , Pascal Dupuis 4 (Jarret Stoll, Niklas Kronwall) at 14:22
6. Avalanche , Bryan Little 7 (Jason Pominville, Marc Staal) at 14:33
7. Avalanche , Max Pacioretty 1 (Bryan Little, Jason Pominville) at 14:50
8. Avalanche , Corey Perry 3 (Mikkel Boedker, Ryan Getzlaf) at 15:37 (PP)

Penalties :
Shane O'Brien (Col) for Interference (Minor) at 8:06, Alexei Kovalev (Que) for Holding Stick (Minor) at 15:30

3rd period

9. Nordiques , Niklas Kronwall 1 (Vaclav Prospal) at 12:23
10. Nordiques , Kristopher Letang 3 (Fedor Tyutin) at 19:20 (Empty Net)
11. Nordiques , Nikolai Kulemin 3 (Kristopher Letang, Chris Drury) at 19:43

Penalties :
Andrew Ladd (Col) for Tripping (Minor) at 1:28

Goalie Stats

Semyon Varlamov (Col), 10 saves from 14 shots - (0,714), 34:22 minutes
Jimmy Howard (Col), 18 saves from 20 shots - (0,900), L, 4-3-0, 25:04 minutes
Martin Brodeur (Que), 31 saves from 35 shots - (0,886), W, 5-4-0, 60:00 minutes

Players Stats for Avalanche

Player Name              G  A  P  +/- PIM S  H  SB GA TA FO     MP     PP MP  PK MP  
------------------------------------------------------------------------------------
Andrew Ladd              0  0  0   0  2   2  1  1  1  0  0/2    13:32   0:04   2:02 
Brandon Yip              0  0  0   0  0   0  1  0  0  0  0/0     3:41   0:04   0:33 
Bryan Little             1  1  2   0  0   6  4  0  0  0  7/29   21:25   0:48   0:23 
Corey Perry              1  0  1  -5  0   4  1  0  1  1  1/1    18:43   1:14   0:00 
Jack Johnson             0  0  0  -2  0   2  0  2  1  1  0/0    20:07   1:33   3:58 
Jason Pominville         0  2  2   1  0   2  1  1  0  0  0/1    16:48   0:48   0:00 
Marc Staal               0  1  1  -1  0   2  2  2  2  0  0/0    26:05   0:33   3:58 
Mark Mancari             0  0  0   0  0   0  0  0  0  0  0/0     7:53   0:04   0:00 
Max Pacioretty           1  0  1   1  0   2  1  1  0  0  1/2    19:09   0:48   1:58 
Michal Handzus           0  0  0   0  0   1  1  0  0  1  1/3     9:26   0:00   1:17 
Mike Comrie              0  1  1   0  0   0  1  0  0  1  7/13   15:19   0:00   3:52 
Mikkel Boedker           1  1  2  -4  2   6  0  2  0  1  3/4    22:39   1:14   1:49 
Pernell Karl Subban      0  0  0   0  0   2  0  2  1  2  0/0    22:36   0:33   0:44 
Ryan Getzlaf             0  1  1  -5  0   4  2  0  0  0  10/19  17:35   1:14   0:00 
Sergei Gonchar           0  0  0  -1  0   1  0  1  0  0  0/0    15:33   1:33   0:00 
Shane O'Brien            0  0  0  -2  2   1  2  4  0  1  0/0    17:18   0:00   1:15 
Tim Ramholt              0  1  1  -2  0   0  0  2  0  1  0/0    18:22   0:00   1:59 
Ville Leino              0  0  0   0  0   0  1  1  0  0  0/0     7:49   0:00   0:00 

Players Stats for Nordiques

Player Name              G  A  P  +/- PIM S  H  SB GA TA FO     MP     PP MP  PK MP  
------------------------------------------------------------------------------------
Alexei Kovalev           0  0  0   0  2   2  0  1  1  0  1/1    17:37   2:25   0:00 
Chris Drury              1  1  2   1  0   9  0  0  0  0  28/43  23:48   3:32   0:02 
Chris Neil               0  0  0   0  0   0  0  0  0  0  0/0     8:38   0:00   0:00 
Daniel Briere            0  1  1   0  0   2  2  0  1  0  2/2    21:59   3:32   0:00 
Fedor Tyutin             0  2  2   2  0   0  4  1  0  1  0/0    27:38   3:33   0:00 
Jarret Stoll             1  2  3   3  0   2  1  2  0  0  1/1     7:44   0:00   0:00 
Kristopher Letang        1  1  2   2  0   3  0  2  4  1  0/0    27:38   3:33   0:00 
Kyle Calder              0  0  0   0  2   1  2  0  1  0  0/0     8:44   0:00   0:00 
Matt Moulson             0  0  0   0  0   1  3  1  0  0  2/2    17:36   2:25   0:02 
Niclas Wallin            0  1  1   3  0   2  0  2  0  0  0/0    12:29   0:00   1:06 
Niklas Kronwall          1  1  2   3  0   3  0  0  0  1  0/0    12:30   0:00   1:00 
Nikolai Kulemin          2  0  2   4  0   2  0  0  0  0  0/0    10:02   0:00   0:00 
Pascal Dupuis            1  0  1   4  0   2  1  0  0  0  0/0    11:14   0:00   1:12 
R.J. Umberger            0  0  0   0  0   1  6  0  0  2  2/4    22:41   3:32   1:12 
Rich Peverley            0  0  0   0  0   1  3  1  0  0  1/4     9:30   0:00   0:52 
Shane Hnidy              0  0  0  -1  0   0  1  2  0  0  0/0    19:53   2:24   1:00 
Toni Lydman              0  0  0  -1  0   1  1  2  0  1  0/0    19:52   2:24   1:06 
Vaclav Prospal           0  1  1   0  0   3  4  1  2  0  7/17   18:19   2:25   0:52 

3 Stars

1 - Nikolai Kulemin (Que)
2 - Jarret Stoll (Que)
3 - Niklas Kronwall (Que)

Power Play

Avalanche - 1 on 2 Attempt(s) - 50,00%
Nordiques - 0 on 3 Attempt(s) - 0,00%

Penalty Kill

Avalanche - 3 on 3 Attempt(s) - 100,00% - Score 0 goal in Penalty Kill
Nordiques - 1 on 2 Attempt(s) - 50,00% - Score 0 goal in Penalty Kill

Team Stat

Avalanche - Hits : 18 - Faceoff Wins : 30 - Blocked Shots : 19 - Penalty Minutes : 6
Nordiques - Hits : 28 - Faceoff Wins : 44 - Blocked Shots : 15 - Penalty Minutes : 4

Official

Referees : Martell Rob and Morton Dean
Linesman : Steve Miller and Lyle Seitz

Game Notes

Brandon Yip is injured at 15:27 of 1st period (Bruised Left Arm)
Jimmy Howard enters game at 14:22 of 2nd period
Jarret Stoll is injured at 11:48 of 3rd period (Lacerated Left Calf)
Kristopher Letang has scored in a empty net!

Finance

Level 1 -- Attendance: 3255 (54,25%) -- Ticket Income 406 875 $
Level 2 -- Attendance: 2649 (52,98%) -- Ticket Income 198 675 $
Level 3 -- Attendance: 1110 (55,50%) -- Ticket Income 55 500 $
Level 4 -- Attendance: 1857 (46,43%) -- Ticket Income 74 280 $
Luxury Box -- Attendance: 625 (62,50%) -- Ticket Income 125 000 $
Game was played at the Centre Videotron'
Total Attendance: 9496 (52,76%)
Total Ticket Income: 860 330 $
Other Income: 129 050 $
Total Income: 989 380 $

Avalanche

5 vs 5 Forward 
   Center                   Left Wing                Right Wing               Time % Phy DF OF 
 1 Ryan Getzlaf             Mikkel Boedker           Corey Perry              35     1   2  2  
 2 Bryan Little             Max Pacioretty           Jason Pominville         35     1   2  2  
 3 Mike Comrie              Andrew Ladd              Brandon Yip              20     1   2  2  
 4 Michal Handzus           Ville Leino              Mark Mancari             10     1   2  2  

5 vs 5 Defense 
   Defense                  Defense                                           Time % Phy DF OF 
 1 Marc Staal               Pernell Karl Subban                               40     1   2  2  
 2 Sergei Gonchar           Jack Johnson                                      30     1   2  2  
 3 Tim Ramholt              Shane O'Brien                                     30     1   2  2  
 4 Marc Staal               Jack Johnson                                      0      1   2  2  

PowerPlay Forward 
   Center                   Left Wing                Right Wing               Time % Phy DF OF 
 1 Ryan Getzlaf             Mikkel Boedker           Corey Perry              60     1   2  2  
 2 Bryan Little             Max Pacioretty           Jason Pominville         40     1   2  2  

PowerPlay Defense
   Defense                  Defense                                           Time % Phy DF OF 
 1 Sergei Gonchar           Jack Johnson                                      60     1   2  2  
 2 Marc Staal               Pernell Karl Subban                               40     1   2  2  

Penalty Kill 4 Players Forward 
   Center                   Wing                     Time % Phy DF OF 
 1 Mike Comrie              Andrew Ladd              60     1   2  2  
 2 Michal Handzus           Brandon Yip              40     1   2  2  

Penalty Kill 4 Players Defense
   Defense                  Defense                  Time % Phy DF OF 
 1 Marc Staal               Jack Johnson             60     1   2  2  
 2 Shane O'Brien            Tim Ramholt              40     1   2  2  

Penalty Kill - 3 Players Forward 
   Forward                                           Time % Phy DF OF 
 1 Jason Pominville                                  60     1   2  2  
 2 Corey Perry                                       40     1   2  2  

Penalty Kill - 3 Players Defense
   Defense                  Defense                  Time % Phy DF OF 
 1 Marc Staal               Jack Johnson             60     1   2  2  
 2 Shane O'Brien            Pernell Karl Subban      40     1   2  2  

4 vs 4 Forward 
   Center                   Wing                     Time % Phy DF OF 
 1 Jason Pominville         Corey Perry              60     1   2  2  
 2 Michal Handzus           Mike Comrie              40     1   2  2  

4 vs 4 Defense
   Defense                  Defense                  Time % Phy DF OF 
 1 Marc Staal               Jack Johnson             60     1   2  2  
 2 Shane O'Brien            Pernell Karl Subban      40     1   2  2  

Last Minutes Offensive
   Center                   Left Wing                Right Wing               Defense                  Defense                  
   Ryan Getzlaf             Mikkel Boedker           Corey Perry              Marc Staal               Jack Johnson             

Last Minutes Defensive
   Center                   Left Wing                Right Wing               Defense                  Defense                  
   Mike Comrie              Andrew Ladd              Jason Pominville         Marc Staal               Jack Johnson             

Goaltenders
Starting : Semyon Varlamov          
Backup : Jimmy Howard             

Extra Forwards
Normal : Bryan Little, Brandon Yip, Mikkel Boedker - PP : Bryan Little, Brandon Yip - PK : Mikkel Boedker
Extra Defensemen
Normal : Tim Ramholt, Sergei Gonchar, Shane O'Brien - PP : Tim Ramholt - PK : Pernell Karl Subban, Shane O'Brien
Penalty Shots
Mikkel Boedker, Corey Perry, Ville Leino, Michal Handzus, Bryan Little

Nordiques

5 vs 5 Forward 
   Center                   Left Wing                Right Wing               Time % Phy DF OF 
 1 Chris Drury              R.J. Umberger            Daniel Briere            40     0   1  4  
 2 Vaclav Prospal           Matt Moulson             Alexei Kovalev           30     0   1  4  
 3 Jarret Stoll             Nikolai Kulemin          Pascal Dupuis            20     0   2  3  
 4 Rich Peverley            Kyle Calder              Chris Neil               10     0   2  3  

5 vs 5 Defense 
   Defense                  Defense                                           Time % Phy DF OF 
 1 Fedor Tyutin             Kristopher Letang                                 40     0   3  2  
 2 Shane Hnidy              Toni Lydman                                       30     0   3  2  
 3 Niclas Wallin            Niklas Kronwall                                   20     0   3  2  
 4 Fedor Tyutin             Kristopher Letang                                 10     0   3  2  

PowerPlay Forward 
   Center                   Left Wing                Right Wing               Time % Phy DF OF 
 1 Chris Drury              R.J. Umberger            Daniel Briere            60     0   0  5  
 2 Vaclav Prospal           Matt Moulson             Alexei Kovalev           40     0   0  5  

PowerPlay Defense
   Defense                  Defense                                           Time % Phy DF OF 
 1 Fedor Tyutin             Kristopher Letang                                 60     0   2  3  
 2 Shane Hnidy              Toni Lydman                                       40     0   2  3  

Penalty Kill 4 Players Forward 
   Center                   Wing                     Time % Phy DF OF 
 1 R.J. Umberger            Pascal Dupuis            60     0   4  1  
 2 Rich Peverley            Vaclav Prospal           40     0   4  1  

Penalty Kill 4 Players Defense
   Defense                  Defense                  Time % Phy DF OF 
 1 Toni Lydman              Niclas Wallin            60     0   5  0  
 2 Shane Hnidy              Niklas Kronwall          40     0   5  0  

Penalty Kill - 3 Players Forward 
   Forward                                           Time % Phy DF OF 
 1 Rich Peverley                                     60     0   5  0  
 2 Pascal Dupuis                                     40     0   5  0  

Penalty Kill - 3 Players Defense
   Defense                  Defense                  Time % Phy DF OF 
 1 Toni Lydman              Niclas Wallin            60     0   5  0  
 2 Shane Hnidy              Niklas Kronwall          40     0   5  0  

4 vs 4 Forward 
   Center                   Wing                     Time % Phy DF OF 
 1 Chris Drury              R.J. Umberger            60     0   1  4  
 2 Daniel Briere            Vaclav Prospal           40     0   1  4  

4 vs 4 Defense
   Defense                  Defense                  Time % Phy DF OF 
 1 Fedor Tyutin             Kristopher Letang        60     0   3  2  
 2 Shane Hnidy              Toni Lydman              40     0   3  2  

Last Minutes Offensive
   Center                   Left Wing                Right Wing               Defense                  Defense                  
   Chris Drury              R.J. Umberger            Daniel Briere            Fedor Tyutin             Kristopher Letang        

Last Minutes Defensive
   Center                   Left Wing                Right Wing               Defense                  Defense                  
   Chris Drury              R.J. Umberger            Daniel Briere            Fedor Tyutin             Kristopher Letang        

Goaltenders
Starting : Martin Brodeur           
Backup : Julien Ellis             

Extra Forwards
Normal : Chris Drury, Daniel Briere, Alexei Kovalev - PP : Chris Drury, Daniel Briere - PK : Pascal Dupuis
Extra Defensemen
Normal : Fedor Tyutin, Kristopher Letang, Shane Hnidy - PP : Kristopher Letang - PK : Toni Lydman, Shane Hnidy
Penalty Shots
Alexei Kovalev, Chris Drury, Daniel Briere, Jarret Stoll, Matt Moulson

% Time on Ice - Avalanche

Lines # - Real PCT - Wanted PCT - Time Play
Normal Forward
1 - 32% - 35% - 16:17
2 - 32% - 35% - 16:20
3 - 21% - 20% - 11:04
4 - 15% - 10% - 7:49
Normal Defense
1 - 41% - 40% - 20:56
2 - 29% - 30% - 14:50
3 - 31% - 30% - 15:44
4 - 0% - 0% - 0:00
PP Forward
1 - 59% - 60% - 1:14
2 - 41% - 40% - 0:52
PP Defense
1 - 74% - 60% - 1:33
2 - 26% - 40% - 0:33
PK Forward
1 - 78% - 60% - 4:40
2 - 22% - 40% - 1:17
PK Defense
1 - 67% - 60% - 3:58
2 - 33% - 40% - 1:59
PK3 Forward
1 - 0% - 60%
2 - 0% - 40%
PK3 Defense
1 - 0% - 60%
2 - 0% - 40%
44 Forward
1 - 0% - 60%
2 - 0% - 40%
44 Defense
1 - 0% - 60%
2 - 0% - 40%
Last Minute Offensive  - 0:27
Last Minute Defensive  - 0:00
Total
Forward - 60:00
Defense - 60:00

% Time on Ice - Nordiques

Lines # - Real PCT - Wanted PCT - Time Play
Normal Forward
1 - 35% - 40% - 17:52
2 - 29% - 30% - 15:02
3 - 19% - 20% - 10:02
4 - 17% - 10% - 8:38
Normal Defense
1 - 40% - 40% - 20:23
2 - 32% - 30% - 16:29
3 - 22% - 20% - 11:23
4 - 6% - 10% - 3:19
PP Forward
1 - 59% - 60% - 3:32
2 - 41% - 40% - 2:25
PP Defense
1 - 60% - 60% - 3:33
2 - 40% - 40% - 2:24
PK Forward
1 - 59% - 60% - 1:14
2 - 41% - 40% - 0:52
PK Defense
1 - 52% - 60% - 1:06
2 - 48% - 40% - 1:00
PK3 Forward
1 - 0% - 60%
2 - 0% - 40%
PK3 Defense
1 - 0% - 60%
2 - 0% - 40%
44 Forward
1 - 0% - 60%
2 - 0% - 40%
44 Defense
1 - 0% - 60%
2 - 0% - 40%
Last Minute Offensive  - 0:00
Last Minute Defensive  - 0:23
Total
Forward - 60:00
Defense - 60:00

Play by Play

1st period


0:01 of 1st period - Ryan Getzlaf wins face-off versus Chris Drury in neutral zone.
0:26 of 1st period - Fedor Tyutin is hit by Bryan Little and loses puck.
0:35 of 1st period - Wrist shot by Bryan Little.
0:35 of 1st period - Stopped by Martin Brodeur with a rebound.
0:37 of 1st period - Slapshot by Marc Staal.
0:37 of 1st period - Shot Blocked by Fedor Tyutin.
0:39 of 1st period - Snap shot by Jason Pominville.
0:39 of 1st period - Shot Misses the Net.
0:53 of 1st period - Slapshot by Jarret Stoll.
0:53 of 1st period - Shot Blocked by Andrew Ladd.
1:10 of 1st period - Rich Peverley is hit by Ville Leino and loses puck.
1:23 of 1st period - Minor Penalty to Kyle Calder for Hooking.
1:24 of 1st period - Ryan Getzlaf wins face-off versus R.J. Umberger in Nordiques zone.
1:51 of 1st period - Snap shot by Vaclav Prospal.
1:51 of 1st period - Shot Misses the Net.
1:57 of 1st period - Snap shot by Corey Perry.
1:57 of 1st period - Shot Blocked by Vaclav Prospal.
1:59 of 1st period - Wrist shot by Jack Johnson.
1:59 of 1st period - Shot Misses the Net.
2:36 of 1st period - Snap shot by Max Pacioretty.
2:36 of 1st period - Shot Misses the Net.
2:38 of 1st period - Wrist shot by Max Pacioretty.
2:38 of 1st period - Shot Blocked by Niclas Wallin.
2:40 of 1st period - Slapshot by Jack Johnson.
2:40 of 1st period - Stopped by Martin Brodeur with a rebound.
2:42 of 1st period - Slapshot by Sergei Gonchar.
2:42 of 1st period - Shot Misses the Net.
2:44 of 1st period - Slapshot by Sergei Gonchar.
2:44 of 1st period - Stopped by Martin Brodeur with a rebound.
2:46 of 1st period - Snap shot by Jason Pominville.
2:46 of 1st period - Stopped by Martin Brodeur with a rebound.
3:23 of 1st period - Penalty to Kyle Calder is over, Kyle Calder is back on ice.
3:44 of 1st period - Wrist shot by Andrew Ladd.
3:44 of 1st period - Stopped by Martin Brodeur with a rebound.
3:56 of 1st period - Shane O'Brien is hit by Rich Peverley and loses puck.
4:12 of 1st period - Brandon Yip is hit by Jarret Stoll and loses puck.
4:50 of 1st period - Snap shot by Rich Peverley.
4:50 of 1st period - Shot Blocked by Mikkel Boedker.
5:25 of 1st period - Wrist shot by Chris Drury.
5:25 of 1st period - Shot Misses the Net.
5:53 of 1st period - Wrist shot by Chris Neil.
5:53 of 1st period - Shot Blocked by Shane O'Brien.
7:19 of 1st period - Sergei Gonchar is hit by R.J. Umberger and loses puck.
7:49 of 1st period - Snap shot by Kyle Calder.
7:49 of 1st period - Shot Blocked by Shane O'Brien.
7:51 of 1st period - Slapshot by Niclas Wallin.
7:51 of 1st period - Stopped by Semyon Varlamov without a rebound.
7:52 of 1st period - Corey Perry wins face-off versus Rich Peverley in Avalanche zone.
8:05 of 1st period - Rich Peverley is hit by Ryan Getzlaf.
8:13 of 1st period - Marc Staal is hit by Kyle Calder and loses puck.
8:22 of 1st period - Snap shot by Corey Perry.
8:22 of 1st period - Stopped by Martin Brodeur without a rebound.
8:23 of 1st period - Chris Drury wins face-off versus Bryan Little in Nordiques zone.
8:30 of 1st period - Snap shot by Chris Drury.
8:30 of 1st period - Stopped by Semyon Varlamov with a rebound.
8:50 of 1st period - Tim Ramholt is hit by Pascal Dupuis and loses puck.
8:55 of 1st period - Snap shot by Nikolai Kulemin.
8:55 of 1st period - Shot Misses the Net.
8:57 of 1st period - Wrist shot by Pascal Dupuis.
8:57 of 1st period - Stopped by Semyon Varlamov without a rebound.
8:58 of 1st period - Mikkel Boedker wins face-off versus Vaclav Prospal in Avalanche zone.
9:05 of 1st period - Wrist shot by Corey Perry.
9:05 of 1st period - Shot Hit the Post.
9:07 of 1st period - Snap shot by Corey Perry.
9:07 of 1st period - Deflect By Mikkel Boedker.
9:07 of 1st period - Deflect By Matt Moulson.
9:07 of 1st period - Shot Misses the Net.
9:07 of 1st period - Puck is out of play.
9:08 of 1st period - Ryan Getzlaf wins face-off versus Vaclav Prospal in Nordiques zone.
9:16 of 1st period - Icing by Pernell Karl Subban.
9:17 of 1st period - Chris Drury wins face-off versus Ryan Getzlaf in Avalanche zone.
9:18 of 1st period - Wrist shot by R.J. Umberger.
9:18 of 1st period - Deflect By Chris Drury.
9:18 of 1st period - Stopped by Semyon Varlamov with a rebound.
9:28 of 1st period - Shane Hnidy is hit by Marc Staal.
9:40 of 1st period - Minor Penalty to Mikkel Boedker for Roughing.
9:41 of 1st period - Chris Drury wins face-off versus Mike Comrie in Avalanche zone.
9:51 of 1st period - Jack Johnson is hit by R.J. Umberger and loses puck.
11:17 of 1st period - Kristopher Letang is hit by Brandon Yip.
11:40 of 1st period - Penalty to Mikkel Boedker is over, Mikkel Boedker is back on ice.
11:57 of 1st period - Slapshot by Rich Peverley.
11:57 of 1st period - Stopped by Semyon Varlamov without a rebound.
11:58 of 1st period - Bryan Little wins face-off versus Rich Peverley in Avalanche zone.
12:05 of 1st period - Snap shot by Jason Pominville.
12:05 of 1st period - Shot Misses the Net.
12:07 of 1st period - Slapshot by Marc Staal.
12:07 of 1st period - Shot Blocked by Niclas Wallin.
12:09 of 1st period - Slapshot by Jack Johnson.
12:09 of 1st period - Shot Blocked by Rich Peverley.
12:11 of 1st period - Wrist shot by Bryan Little.
12:11 of 1st period - Stopped by Martin Brodeur with a rebound.
12:13 of 1st period - Wrist shot by Bryan Little.
12:13 of 1st period - Shot Misses the Net.
12:23 of 1st period - Snap shot by Jarret Stoll.
12:23 of 1st period - Goal by Jarret Stoll - Avalanche : 0 - Nordiques : 1.
12:24 of 1st period - Chris Drury wins face-off versus Bryan Little in neutral zone.
12:51 of 1st period - Mikkel Boedker is hit by Fedor Tyutin and loses puck.
13:18 of 1st period - Slapshot by Mike Comrie.
13:18 of 1st period - Shot Misses the Net.
13:20 of 1st period - Slapshot by Pernell Karl Subban.
13:20 of 1st period - Stopped by Martin Brodeur without a rebound.
13:21 of 1st period - Chris Drury wins face-off versus Bryan Little in Nordiques zone.
15:16 of 1st period - Wrist shot by Mike Comrie.
15:16 of 1st period - Shot Blocked by Matt Moulson.
15:26 of 1st period - Brandon Yip is hit by Vaclav Prospal and loses puck.
15:27 of 1st period - Brandon Yip from Avalanche is injured at 15:27 of 1st period (Bruised Left Arm).
15:28 of 1st period - Chris Drury wins face-off versus Jason Pominville in Avalanche zone.
15:55 of 1st period - Kristopher Letang is hit by Ryan Getzlaf and loses puck.
16:24 of 1st period - Slapshot by Jack Johnson.
16:24 of 1st period - Shot Blocked by Kristopher Letang.
17:56 of 1st period - Snap shot by Vaclav Prospal.
17:56 of 1st period - Deflect By Alexei Kovalev.
17:56 of 1st period - Shot Misses the Net.
17:56 of 1st period - Puck is out of play.
17:57 of 1st period - Ryan Getzlaf wins face-off versus Chris Drury in Avalanche zone.
18:34 of 1st period - Snap shot by Vaclav Prospal.
18:34 of 1st period - Stopped by Semyon Varlamov without a rebound.
18:35 of 1st period - R.J. Umberger wins face-off versus Bryan Little in Avalanche zone.
19:45 of 1st period - Snap shot by Daniel Briere.
19:45 of 1st period - Shot Misses the Net.
19:47 of 1st period - Snap shot by Daniel Briere.
19:47 of 1st period - Shot Misses the Net.
19:49 of 1st period - Snap shot by Chris Drury.
19:49 of 1st period - Stopped by Semyon Varlamov with a rebound.
19:51 of 1st period - Wrist shot by Daniel Briere.
19:51 of 1st period - Stopped by Semyon Varlamov with a rebound.
Goals for this period are 0 for Avalanche vs 1 for Nordiques.
Shots for this period are 8 for Avalanche vs 9 for Nordiques.

2nd period


0:01 of 2nd period - Chris Drury wins face-off versus Bryan Little in neutral zone.
0:55 of 2nd period - Pascal Dupuis is hit by Bryan Little.
2:17 of 2nd period - Pernell Karl Subban is hit by Kyle Calder and loses puck.
2:53 of 2nd period - Off-side.
2:54 of 2nd period - Vaclav Prospal wins face-off versus Bryan Little in neutral zone.
3:09 of 2nd period - Snap shot by Matt Moulson.
3:09 of 2nd period - Deflect By Alexei Kovalev.
3:09 of 2nd period - Shot Blocked by Shane O'Brien.
3:09 of 2nd period - Puck is out of play.
3:10 of 2nd period - Ryan Getzlaf wins face-off versus Chris Drury in Avalanche zone.
3:42 of 2nd period - Backhand shot by Nikolai Kulemin.
3:42 of 2nd period - Goal by Nikolai Kulemin - Avalanche : 0 - Nordiques : 2.
3:43 of 2nd period - Chris Drury wins face-off versus Bryan Little in neutral zone.
3:58 of 2nd period - Snap shot by Max Pacioretty.
3:58 of 2nd period - Stopped by Martin Brodeur with a rebound.
4:12 of 2nd period - Off-side.
4:13 of 2nd period - Matt Moulson wins face-off versus Andrew Ladd in neutral zone.
4:22 of 2nd period - Slapshot by Mikkel Boedker.
4:22 of 2nd period - Shot Blocked by Shane Hnidy.
4:26 of 2nd period - Slapshot by Mikkel Boedker.
4:26 of 2nd period - Goal by Mikkel Boedker - Avalanche : 1 - Nordiques : 2.
4:27 of 2nd period - Bryan Little wins face-off versus Chris Drury in neutral zone.
4:57 of 2nd period - Wrist shot by Ryan Getzlaf.
4:57 of 2nd period - Stopped by Martin Brodeur without a rebound.
4:58 of 2nd period - Vaclav Prospal wins face-off versus Ryan Getzlaf in Nordiques zone.
5:11 of 2nd period - Snap shot by Matt Moulson.
5:11 of 2nd period - Shot Misses the Net.
5:23 of 2nd period - R.J. Umberger is hit by Jason Pominville and loses puck.
5:32 of 2nd period - Snap shot by Jason Pominville.
5:32 of 2nd period - Shot Misses the Net.
5:49 of 2nd period - Slapshot by Kristopher Letang.
5:49 of 2nd period - Stopped by Semyon Varlamov with a rebound.
5:51 of 2nd period - Snap shot by Pascal Dupuis.
5:51 of 2nd period - Shot Blocked by Marc Staal.
5:53 of 2nd period - Snap shot by Kristopher Letang.
5:53 of 2nd period - Shot Misses the Net.
6:02 of 2nd period - Icing by Michal Handzus.
6:03 of 2nd period - Rich Peverley wins face-off versus Michal Handzus in Avalanche zone.
6:30 of 2nd period - Wrist shot by Bryan Little.
6:30 of 2nd period - Shot Misses the Net.
6:50 of 2nd period - Snap shot by Alexei Kovalev.
6:50 of 2nd period - Shot Misses the Net.
7:51 of 2nd period - Slapshot by Chris Drury.
7:51 of 2nd period - Goal by Chris Drury - Avalanche : 1 - Nordiques : 3.
7:52 of 2nd period - Chris Drury wins face-off versus Bryan Little in neutral zone.
8:06 of 2nd period - Minor Penalty to Shane O'Brien for Interference.
8:07 of 2nd period - Mike Comrie wins face-off versus Chris Drury in Avalanche zone.
8:07 of 2nd period - Mike Comrie is hit by R.J. Umberger.
8:44 of 2nd period - Wrist shot by Vaclav Prospal.
8:44 of 2nd period - Stopped by Semyon Varlamov with a rebound.
9:23 of 2nd period - Icing by Shane Hnidy.
9:24 of 2nd period - Max Pacioretty wins face-off versus Vaclav Prospal in Nordiques zone.
10:06 of 2nd period - Penalty to Shane O'Brien is over, Shane O'Brien is back on ice.
10:15 of 2nd period - Wrist shot by Corey Perry.
10:15 of 2nd period - Shot Misses the Net.
10:41 of 2nd period - Kristopher Letang is hit by Bryan Little and loses puck.
10:54 of 2nd period - Ville Leino is hit by Vaclav Prospal and loses puck.
13:06 of 2nd period - Slapshot by Chris Neil.
13:06 of 2nd period - Shot Blocked by Mikkel Boedker.
13:28 of 2nd period - Slapshot by Vaclav Prospal.
13:28 of 2nd period - Shot Blocked by Sergei Gonchar.
13:42 of 2nd period - Ville Leino is hit by Vaclav Prospal and loses puck.
14:03 of 2nd period - Chris Drury is hit by Corey Perry and loses puck.
14:20 of 2nd period - Wrist shot by Pascal Dupuis.
14:20 of 2nd period - Shot Blocked by Jason Pominville.
14:22 of 2nd period - Wrist shot by Pascal Dupuis.
14:22 of 2nd period - Goal by Pascal Dupuis - Avalanche : 1 - Nordiques : 4.
14:22 of 2nd period - Jimmy Howard enters game.
14:23 of 2nd period - Chris Drury wins face-off versus Bryan Little in neutral zone.
14:33 of 2nd period - Snap shot by Bryan Little.
14:33 of 2nd period - Goal by Bryan Little - Avalanche : 2 - Nordiques : 4.
14:34 of 2nd period - Chris Drury wins face-off versus Bryan Little in neutral zone.
14:36 of 2nd period - Off-side.
14:37 of 2nd period - Bryan Little wins face-off versus Chris Drury in neutral zone.
14:40 of 2nd period - Snap shot by Bryan Little.
14:40 of 2nd period - Stopped by Martin Brodeur without a rebound.
14:41 of 2nd period - Chris Drury wins face-off versus Bryan Little in Nordiques zone.
14:48 of 2nd period - Wrist shot by Bryan Little.
14:48 of 2nd period - Stopped by Martin Brodeur with a rebound.
14:50 of 2nd period - Snap shot by Max Pacioretty.
14:50 of 2nd period - Goal by Max Pacioretty - Avalanche : 3 - Nordiques : 4.
14:51 of 2nd period - Chris Drury wins face-off versus Bryan Little in neutral zone.
14:58 of 2nd period - Wrist shot by Daniel Briere.
14:58 of 2nd period - Stopped by Jimmy Howard without a rebound.
14:59 of 2nd period - Chris Drury wins face-off versus Bryan Little in Avalanche zone.
15:27 of 2nd period - Off-side.
15:28 of 2nd period - Vaclav Prospal wins face-off versus Ryan Getzlaf in neutral zone.
15:30 of 2nd period - Minor Penalty to Alexei Kovalev for Holding Stick.
15:31 of 2nd period - Ryan Getzlaf wins face-off versus R.J. Umberger in Nordiques zone.
15:37 of 2nd period - Wrist shot by Corey Perry.
15:37 of 2nd period - Goal by Corey Perry - Avalanche : 4 - Nordiques : 4.
15:38 of 2nd period - Ryan Getzlaf wins face-off versus Chris Drury in neutral zone.
15:45 of 2nd period - Snap shot by Ryan Getzlaf.
15:45 of 2nd period - Stopped by Martin Brodeur with a rebound.
15:47 of 2nd period - Slapshot by Ryan Getzlaf.
15:47 of 2nd period - Stopped by Martin Brodeur with a rebound.
15:49 of 2nd period - Snap shot by Corey Perry.
15:49 of 2nd period - Stopped by Martin Brodeur with a rebound.
15:51 of 2nd period - Slapshot by Pernell Karl Subban.
15:51 of 2nd period - Shot Blocked by Kristopher Letang.
16:10 of 2nd period - Wrist shot by Jason Pominville.
16:10 of 2nd period - Stopped by Martin Brodeur without a rebound.
16:11 of 2nd period - Vaclav Prospal wins face-off versus Ryan Getzlaf in Nordiques zone.
16:18 of 2nd period - Shane O'Brien is hit by Shane Hnidy and loses puck.
16:30 of 2nd period - Icing by Shane Hnidy.
16:31 of 2nd period - Vaclav Prospal wins face-off versus Bryan Little in Nordiques zone.
16:43 of 2nd period - Snap shot by Vaclav Prospal.
16:43 of 2nd period - Shot Blocked by Max Pacioretty.
16:45 of 2nd period - Snap shot by Alexei Kovalev.
16:45 of 2nd period - Shot Blocked by Pernell Karl Subban.
16:47 of 2nd period - Slapshot by Shane Hnidy.
16:47 of 2nd period - Shot Misses the Net.
16:49 of 2nd period - Snap shot by Alexei Kovalev.
16:49 of 2nd period - Shot Blocked by Marc Staal.
16:51 of 2nd period - Snap shot by Alexei Kovalev.
16:51 of 2nd period - Stopped by Jimmy Howard without a rebound.
16:52 of 2nd period - Chris Drury wins face-off versus Ryan Getzlaf in Avalanche zone.
17:17 of 2nd period - Bryan Little is hit by Fedor Tyutin and loses puck.
17:24 of 2nd period - Wrist shot by Bryan Little.
17:24 of 2nd period - Shot Hit the Post.
17:30 of 2nd period - Jason Pominville is hit by Fedor Tyutin and loses puck.
17:41 of 2nd period - Snap shot by Alexei Kovalev.
17:41 of 2nd period - Deflect By Vaclav Prospal.
17:41 of 2nd period - Stopped by Jimmy Howard with a rebound.
17:43 of 2nd period - Slapshot by Matt Moulson.
17:43 of 2nd period - Stopped by Jimmy Howard without a rebound.
17:44 of 2nd period - Mike Comrie wins face-off versus Vaclav Prospal in Avalanche zone.
17:51 of 2nd period - Snap shot by Mike Comrie.
17:51 of 2nd period - Shot Blocked by Toni Lydman.
18:00 of 2nd period - Icing by Toni Lydman.
18:01 of 2nd period - Alexei Kovalev wins face-off versus Bryan Little in Nordiques zone.
18:08 of 2nd period - Slapshot by Alexei Kovalev.
18:08 of 2nd period - Stopped by Jimmy Howard without a rebound.
18:09 of 2nd period - Bryan Little wins face-off versus Chris Drury in Avalanche zone.
18:09 of 2nd period - Bryan Little is hit by Daniel Briere.
18:51 of 2nd period - Slapshot by Bryan Little.
18:51 of 2nd period - Stopped by Martin Brodeur without a rebound.
18:52 of 2nd period - Ryan Getzlaf wins face-off versus Vaclav Prospal in Nordiques zone.
19:43 of 2nd period - Icing by Shane O'Brien.
19:44 of 2nd period - Chris Drury wins face-off versus Michal Handzus in Avalanche zone.
19:49 of 2nd period - Slapshot by Chris Drury.
19:49 of 2nd period - Deflect By Daniel Briere.
19:49 of 2nd period - Shot Blocked by Ville Leino.
19:49 of 2nd period - Puck is out of play.
19:50 of 2nd period - Ryan Getzlaf wins face-off versus Chris Drury in Avalanche zone.
Goals for this period are 4 for Avalanche vs 3 for Nordiques.
Shots for this period are 13 for Avalanche vs 10 for Nordiques.

3rd period


0:01 of 3rd period - Mikkel Boedker wins face-off versus Chris Drury in neutral zone.
0:20 of 3rd period - Mikkel Boedker is hit by Fedor Tyutin and loses puck.
0:27 of 3rd period - Daniel Briere is hit by Marc Staal and loses puck.
0:48 of 3rd period - Off-side.
0:49 of 3rd period - Vaclav Prospal wins face-off versus Bryan Little in neutral zone.
0:54 of 3rd period - Slapshot by Toni Lydman.
0:54 of 3rd period - Stopped by Jimmy Howard with a rebound.
0:56 of 3rd period - Snap shot by Alexei Kovalev.
0:56 of 3rd period - Shot Blocked by Shane O'Brien.
1:14 of 3rd period - Max Pacioretty is hit by Rich Peverley and loses puck.
1:23 of 3rd period - Wrist shot by Rich Peverley.
1:23 of 3rd period - Shot Blocked by Tim Ramholt.
1:25 of 3rd period - Slapshot by Niclas Wallin.
1:25 of 3rd period - Stopped by Jimmy Howard without a rebound.
1:26 of 3rd period - Mike Comrie wins face-off versus Vaclav Prospal in Avalanche zone.
1:28 of 3rd period - Minor Penalty to Andrew Ladd for Tripping.
1:29 of 3rd period - Mike Comrie wins face-off versus Chris Drury in Avalanche zone.
1:45 of 3rd period - Snap shot by Chris Drury.
1:45 of 3rd period - Stopped by Jimmy Howard without a rebound.
1:46 of 3rd period - Chris Drury wins face-off versus Mike Comrie in Avalanche zone.
1:47 of 3rd period - Wrist shot by R.J. Umberger.
1:47 of 3rd period - Stopped by Jimmy Howard with a rebound.
1:49 of 3rd period - Snap shot by Chris Drury.
1:49 of 3rd period - Stopped by Jimmy Howard with a rebound.
1:51 of 3rd period - Snap shot by Chris Drury.
1:51 of 3rd period - Shot Blocked by Jack Johnson.
1:53 of 3rd period - Slapshot by R.J. Umberger.
1:53 of 3rd period - Shot Misses the Net.
1:55 of 3rd period - Wrist shot by R.J. Umberger.
1:55 of 3rd period - Shot Misses the Net.
1:57 of 3rd period - Slapshot by Kristopher Letang.
1:57 of 3rd period - Deflect By Jack Johnson.
1:57 of 3rd period - Stopped by Jimmy Howard without a rebound.
1:58 of 3rd period - Chris Drury wins face-off versus Mike Comrie in Avalanche zone.
2:03 of 3rd period - Backhand shot by Daniel Briere.
2:03 of 3rd period - Deflect By Chris Drury.
2:03 of 3rd period - Shot Blocked by Jack Johnson.
2:03 of 3rd period - Puck is out of play.
2:04 of 3rd period - Mike Comrie wins face-off versus Chris Drury in Avalanche zone.
2:41 of 3rd period - Wrist shot by Vaclav Prospal.
2:41 of 3rd period - Shot Misses the Net.
3:00 of 3rd period - Icing by Vaclav Prospal.
3:01 of 3rd period - Mikkel Boedker wins face-off versus Vaclav Prospal in Nordiques zone.
3:28 of 3rd period - Penalty to Andrew Ladd is over, Andrew Ladd is back on ice.
3:48 of 3rd period - Wrist shot by Mike Comrie.
3:48 of 3rd period - Shot Misses the Net.
3:50 of 3rd period - Wrist shot by Andrew Ladd.
3:50 of 3rd period - Stopped by Martin Brodeur without a rebound.
3:51 of 3rd period - Vaclav Prospal wins face-off versus Mikkel Boedker in Nordiques zone.
4:04 of 3rd period - Snap shot by Corey Perry.
4:04 of 3rd period - Stopped by Martin Brodeur without a rebound.
4:05 of 3rd period - Chris Drury wins face-off versus Ryan Getzlaf in Nordiques zone.
4:05 of 3rd period - Chris Drury is hit by Shane O'Brien.
4:13 of 3rd period - Wrist shot by Chris Drury.
4:13 of 3rd period - Stopped by Jimmy Howard without a rebound.
4:14 of 3rd period - Ryan Getzlaf wins face-off versus Chris Drury in Avalanche zone.
4:25 of 3rd period - Slapshot by Mikkel Boedker.
4:25 of 3rd period - Stopped by Martin Brodeur without a rebound.
4:26 of 3rd period - Chris Drury wins face-off versus Max Pacioretty in Nordiques zone.
4:26 of 3rd period - Chris Drury is hit by Max Pacioretty.
5:02 of 3rd period - Slapshot by Jack Johnson.
5:02 of 3rd period - Deflect By Chris Drury.
5:02 of 3rd period - Stopped by Martin Brodeur without a rebound.
5:03 of 3rd period - Bryan Little wins face-off versus Vaclav Prospal in Nordiques zone.
5:06 of 3rd period - Snap shot by Bryan Little.
5:06 of 3rd period - Shot Misses the Net.
5:30 of 3rd period - Snap shot by Mikkel Boedker.
5:30 of 3rd period - Stopped by Martin Brodeur with a rebound.
5:32 of 3rd period - Snap shot by Mikkel Boedker.
5:32 of 3rd period - Stopped by Martin Brodeur with a rebound.
5:34 of 3rd period - Snap shot by Shane O'Brien.
5:34 of 3rd period - Deflect By Mikkel Boedker.
5:34 of 3rd period - Stopped by Martin Brodeur without a rebound.
5:35 of 3rd period - Daniel Briere wins face-off versus Ryan Getzlaf in Nordiques zone.
5:45 of 3rd period - Snap shot by Chris Drury.
5:45 of 3rd period - Shot Misses the Net.
5:47 of 3rd period - Snap shot by Kristopher Letang.
5:47 of 3rd period - Deflect By Chris Drury.
5:47 of 3rd period - Stopped by Jimmy Howard with a rebound.
5:49 of 3rd period - Wrist shot by Kristopher Letang.
5:49 of 3rd period - Shot Misses the Net.
5:51 of 3rd period - Slapshot by Chris Drury.
5:51 of 3rd period - Stopped by Jimmy Howard with a rebound.
6:31 of 3rd period - Snap shot by Jarret Stoll.
6:31 of 3rd period - Stopped by Jimmy Howard without a rebound.
6:32 of 3rd period - Mike Comrie wins face-off versus Chris Drury in Avalanche zone.
6:32 of 3rd period - Mike Comrie is hit by Daniel Briere.
6:40 of 3rd period - Bryan Little is hit by R.J. Umberger and loses puck.
7:27 of 3rd period - Wrist shot by Rich Peverley.
7:27 of 3rd period - Shot Misses the Net.
7:29 of 3rd period - Snap shot by Kyle Calder.
7:29 of 3rd period - Stopped by Jimmy Howard without a rebound.
7:30 of 3rd period - Chris Drury wins face-off versus Bryan Little in Avalanche zone.
7:57 of 3rd period - Sergei Gonchar is hit by Matt Moulson and loses puck.
9:03 of 3rd period - Slapshot by Ryan Getzlaf.
9:03 of 3rd period - Stopped by Martin Brodeur with a rebound.
9:17 of 3rd period - Snap shot by Bryan Little.
9:17 of 3rd period - Shot Misses the Net.
9:19 of 3rd period - Slapshot by Shane O'Brien.
9:19 of 3rd period - Stopped by Martin Brodeur with a rebound.
9:31 of 3rd period - Nikolai Kulemin is hit by Michal Handzus and loses puck.
10:22 of 3rd period - Shane O'Brien is hit by R.J. Umberger and loses puck.
10:37 of 3rd period - Snap shot by Alexei Kovalev.
10:37 of 3rd period - Deflect By Matt Moulson.
10:37 of 3rd period - Shot Misses the Net.
10:37 of 3rd period - Puck is out of play.
10:38 of 3rd period - Michal Handzus wins face-off versus Vaclav Prospal in Avalanche zone.
10:51 of 3rd period - Snap shot by Michal Handzus.
10:51 of 3rd period - Stopped by Martin Brodeur without a rebound.
10:52 of 3rd period - Daniel Briere wins face-off versus Bryan Little in Nordiques zone.
11:01 of 3rd period - R.J. Umberger is hit by Bryan Little and loses puck.
11:18 of 3rd period - Corey Perry is hit by Matt Moulson and loses puck.
11:36 of 3rd period - Icing by Toni Lydman.
11:37 of 3rd period - Jarret Stoll wins face-off versus Mike Comrie in Nordiques zone.
11:42 of 3rd period - Slapshot by Bryan Little.
11:42 of 3rd period - Shot Blocked by Shane Hnidy.
11:44 of 3rd period - Slapshot by Sergei Gonchar.
11:44 of 3rd period - Shot Blocked by Toni Lydman.
11:46 of 3rd period - Wrist shot by Jack Johnson.
11:46 of 3rd period - Shot Blocked by Jarret Stoll.
11:48 of 3rd period - Snap shot by Andrew Ladd.
11:48 of 3rd period - Shot Blocked by Jarret Stoll.
11:48 of 3rd period - Jarret Stoll from Nordiques is injured at 11:48 of 3rd period (Lacerated Left Calf).
11:49 of 3rd period - Chris Drury wins face-off versus Bryan Little in Nordiques zone.
11:54 of 3rd period - Wrist shot by Fedor Tyutin.
11:54 of 3rd period - Shot Blocked by Pernell Karl Subban.
12:19 of 3rd period - Slapshot by Niklas Kronwall.
12:19 of 3rd period - Stopped by Jimmy Howard with a rebound.
12:21 of 3rd period - Snap shot by Niklas Kronwall.
12:21 of 3rd period - Stopped by Jimmy Howard with a rebound.
12:23 of 3rd period - Slapshot by Niklas Kronwall.
12:23 of 3rd period - Goal by Niklas Kronwall - Avalanche : 4 - Nordiques : 5.
12:24 of 3rd period - Chris Drury wins face-off versus Bryan Little in neutral zone.
12:58 of 3rd period - Slapshot by Marc Staal.
12:58 of 3rd period - Shot Misses the Net.
13:32 of 3rd period - Niklas Kronwall is hit by Shane O'Brien and loses puck.
13:51 of 3rd period - Jack Johnson is hit by Matt Moulson and loses puck.
14:20 of 3rd period - Bryan Little is hit by Toni Lydman and loses puck.
14:32 of 3rd period - Icing by Bryan Little.
14:33 of 3rd period - Matt Moulson wins face-off versus Bryan Little in Avalanche zone.
14:49 of 3rd period - Slapshot by Marc Staal.
14:49 of 3rd period - Shot Blocked by Alexei Kovalev.
14:51 of 3rd period - Slapshot by Marc Staal.
14:51 of 3rd period - Stopped by Martin Brodeur without a rebound.
14:52 of 3rd period - Chris Drury wins face-off versus Ryan Getzlaf in Nordiques zone.
15:20 of 3rd period - Snap shot by Corey Perry.
15:20 of 3rd period - Shot Misses the Net.
15:33 of 3rd period - Icing by Chris Neil.
15:34 of 3rd period - Bryan Little wins face-off versus Rich Peverley in Nordiques zone.
15:44 of 3rd period - Off-side.
15:45 of 3rd period - Chris Drury wins face-off versus Mike Comrie in neutral zone.
16:10 of 3rd period - Pernell Karl Subban is hit by Vaclav Prospal and loses puck.
17:41 of 3rd period - Corey Perry is hit by Rich Peverley and loses puck.
17:53 of 3rd period - Icing by Corey Perry.
17:54 of 3rd period - R.J. Umberger wins face-off versus Bryan Little in Avalanche zone.
18:05 of 3rd period - Wrist shot by Chris Drury.
18:05 of 3rd period - Shot Blocked by Tim Ramholt.
18:21 of 3rd period - Snap shot by Mikkel Boedker.
18:21 of 3rd period - Deflect By Andrew Ladd.
18:21 of 3rd period - Shot Misses the Net.
18:21 of 3rd period - Puck is out of play.
18:22 of 3rd period - Chris Drury wins face-off versus Andrew Ladd in Nordiques zone.
18:22 of 3rd period - Chris Drury is hit by Mike Comrie.
18:46 of 3rd period - Avalanche, Jimmy Howard is pulled from the net.
19:20 of 3rd period - Snap shot by Kristopher Letang.
19:20 of 3rd period - Goal by Kristopher Letang - Avalanche : 4 - Nordiques : 6.
19:20 of 3rd period - Jimmy Howard from Avalanche was sent back in the game.
19:21 of 3rd period - Mike Comrie wins face-off versus Chris Drury in neutral zone.
19:28 of 3rd period - Snap shot by Andrew Ladd.
19:28 of 3rd period - Shot Misses the Net.
19:30 of 3rd period - Slapshot by Pernell Karl Subban.
19:30 of 3rd period - Stopped by Martin Brodeur with a rebound.
19:32 of 3rd period - Slapshot by Marc Staal.
19:32 of 3rd period - Stopped by Martin Brodeur without a rebound.
19:33 of 3rd period - Chris Drury wins face-off versus Mike Comrie in Nordiques zone.
19:33 of 3rd period - Chris Drury is hit by Andrew Ladd.
19:43 of 3rd period - Wrist shot by Nikolai Kulemin.
19:43 of 3rd period - Goal by Nikolai Kulemin - Avalanche : 4 - Nordiques : 7.
19:44 of 3rd period - Chris Drury wins face-off versus Ryan Getzlaf in neutral zone.
19:47 of 3rd period - Pernell Karl Subban is hit by R.J. Umberger and loses puck.
19:58 of 3rd period - Slapshot by Mikkel Boedker.
19:58 of 3rd period - Stopped by Martin Brodeur without a rebound.
19:59 of 3rd period - Bryan Little wins face-off versus Vaclav Prospal in Nordiques zone.
Goals for this period are 0 for Avalanche vs 3 for Nordiques.
Shots for this period are 14 for Avalanche vs 16 for Nordiques.


Output by the SimonT Hockey Simulator (STHS) for François Prévost -- Original Page W3C XHTML 1.0 Valid
Hockey Simulator - Hockey Simulation - Hockey Manager